 Dungeon Crawl Stone Soup version 0.25-a0-163-g00f8f0cddd (webtiles) character file.

Game seed: 11988148631169222953, levelgen mode: deterministic

23 Esberlond the Skirmisher (level 3, -3/33 HPs)
             Began as a Hill Orc Berserker on Nov 22, 2019.
             Was a Follower of Trog.
             Killed from afar by a dart slug (7 damage)
             ... with a slug dart
             ... on level 1 of the Dungeon.
             The game lasted 00:05:49 (452 turns).

Esberlond the Skirmisher (Hill Orc Berserker)        Turns: 452, Time: 00:05:49

Health: -3/33      AC:  2    Str: 20    XL:     3   Next: 0%
Magic:  3/3        EV: 12    Int:  7    God:    Trog [*.....]
Gold:   43         SH:  0    Dex: 10    Spells: 2/2 levels left

rFire    . . .     SeeInvis .   a - +0 falchion
rCold    . . .     Gourm    .   (no shield)
rNeg     . . .     Faith    .   b - +0 animal skin
rPois    .         Spirit   .   (no helmet)
rElec    .         Reflect  .   (no cloak)
rCorr    .         Harm     .   (no gloves)
MR       .....                  (no boots)
Stlth    +.........             (no amulet)
HPRegen  0.11/turn              (no ring)
MPRegen  0.08/turn              (no ring)

@: no status effects
A: no striking features
a: Berserk, Renounce Religion


You were on level 1 of the Dungeon.
You worshipped Trog.
Trog was aware of your devotion.
You were full.

You visited 1 branch of the dungeon, and saw 1 of its levels.

You collected 43 gold pieces.

Inventory:

Hand Weapons
 a - a +0 falchion (weapon)
 f - a +0 hunting sling
 g - a +0 club
 h - a +0 hand axe
 j - a +0 dagger
 l - a +0 dagger
 m - a +0 club
Missiles
 e - 81 stones (quivered)
 i - 15 bolts
Armour
 b - a +0 animal skin (worn)
 d - a +1 leather armour
 k - a +0 pair of gloves
Jewellery
 n - an uncursed ring of ice
Potions
 c - a potion of flight


   Skills:
 + Level 4.1 Fighting
 + Level 3.6 Long Blades
 + Level 2.6 Armour
 + Level 1.7 Dodging


You had 2 spell levels left.
You didn't know any spells.
Your spell library was empty.

Dungeon Overview and Level Annotations

Branches:
Dungeon (1/15)

Altars:


Message History

The kobold throws a stone.
The stone hits you but does no damage.
You see here a stone.
The kobold throws a stone.
The stone misses you.
A dart slug comes into view.
You barely miss the kobold. The kobold hits you with a +0 club.
* * * LOW HITPOINT WARNING * * *
You closely miss the kobold. The kobold barely misses you.
You riposte.
You hit the kobold.
You kill the kobold!
Trog accepts your kill.
You have reached level 3!
Your experience leads to an increase in your attributes!
Increase (S)trength, (I)ntelligence, or (D)exterity?
You feel stronger.
Save game and exit?
Okay, then.
You completely miss the dart slug. The dart slug launches a dart at you.
The slug dart hits you!
You die...

########### #######
....§.....###### ......#
..§§§§....'....# ......#
..§§§.....####.##w......
..§§§§.....(..(.@)......
.#############.##.......
>. .... ....... ###
#+#.......... # ##
..#.######. ## .####
......#.# #. ....#
.....#.# ##. .##.###
(....#.. #.. .##.#..
........ ##..


You could see a dart slug.

Vanquished Creatures
  2 dart slugs (D:1)
  2 leopard geckos (D:1)
  3 goblins (D:1)
  2 hobgoblins (D:1)
  2 kobolds (D:1)
  A bat (D:1)
  2 frilled lizards (D:1)
  3 rats (D:1)
17 creatures vanquished.

Notes
Turn   | Place    | Note
-------+----------+-------------------------------------------
     0 | D:1      | Esberlond the Hill Orc Berserker began the quest for the
                  | Orb.
     0 | D:1      | Reached XP level 1. HP: 19/19 MP: 1/1
   101 | D:1      | Reached skill level 4 in Fighting
   101 | D:1      | Reached XP level 2. HP: 4/27 MP: 2/2
   451 | D:1      | Reached XP level 3. HP: 4/33 MP: 3/3
   452 | D:1      | Killed from afar by a dart slug

Levels and vault maps discovered:
D:1:      dpeg_arrival_arbitrary_a, layout_basic, hex_medium,
          serial_bayou_lagoon_a

Skill      XL: |  1 |
---------------+----+-----
Fighting       | 4 |  4.1
Long Blades    | |  3.6
Armour         | |  2.6
Dodging        | |  1.7

Action                   || total
-------------------------++-------
Melee: Falchion          ||    52
  Use: Scroll            ||     2
       Potion            ||     1
  Eat: Ration            ||     1
Armor: Animal skin       ||     9
Dodge: Dodged            ||    26
       Rpst.: Falchion   ||     6

Table legend:
 A = Non-vault XP
 B = Vault XP
 C = Vault XP percentage of total XP
 D = Non-vault monster count
 E = Vault monster count
 F = Vault count percentage of total count
                 A         B        C        D         E       F
            +---------+---------+-------+---------+---------+-------
      Total |      34 |       0 |   0.0 |      17 |       0 |   0.0
            +---------+---------+-------+---------+---------+-------
        D:1 |      34 |       0 |   0.0 |      17 |       0 |   0.0
            +---------+---------+-------+---------+---------+-------
